 Dungeon Crawl Stone Soup version 0.23.2-1-ga50397a6bc (webtiles) character file.

Game seed: 14726857476230662119

192 Freyura the Twirler (level 5, -3/41 HPs)
             Began as a Demonspawn Gladiator on Apr 15, 2019.
             Was an Initiate of Ashenzari.
             Slain by Grinder (4 damage)
             ... on level 3 of the Dungeon.
             The game lasted 00:08:53 (3026 turns).

Freyura the Twirler (Demonspawn Gladiator)          Turns: 3026, Time: 00:08:54

Health: -3/41      AC: 16    Str: 14    XL:     5   Next: 42%
Magic:  5/5        EV: 13    Int:  9    God:    Ashenzari [......]
Gold:   216        SH:  0    Dex: 16    Spells: 4/4 levels left

rFire    . . .     SeeInvis +   a - +0 quarterstaff (curse)
rCold    . . .     Gourm    .   (shield currently unavailable)
rNeg     . . .     Faith    .   b - +0 leather armour
rPois    .         Spirit   .   c - +0 helmet
rElec    .         Reflect  .   (no cloak)
rCorr    .         Harm     .   (no gloves)
MR       .....                  (no boots)
Stlth    +.........             (no amulet)
HPRegen  0.13/turn              t - +3 ring of protection
MPRegen  0.09/turn              r - ring of see invisible

@: sanguine armour, hasted, very quick
A: sanguine armour 2
a: Curse Item, Renounce Religion


You were on level 3 of the Dungeon.
You worshipped Ashenzari.
Ashenzari was noncommittal.
You were not hungry.

You visited 1 branch of the dungeon, and saw 3 of its levels.

You collected 216 gold pieces.

Inventory:

Hand Weapons
 a - a cursed +0 quarterstaff (weapon)
Armour
 b - a +0 leather armour (worn)
 c - a +0 helmet (worn)
Jewellery
 p - an uncursed ring of flight
 r - a ring of see invisible (right hand)
 t - a +3 ring of protection (left hand)
Scrolls
 e - 2 scrolls of remove curse
 g - 3 scrolls of identify {unknown}
 h - 3 scrolls of amnesia {unknown}
 i - a scroll of random uselessness {unknown}
 j - a scroll of teleportation {unknown}
 o - a scroll of fear {unknown}
 s - a scroll of enchant armour {unknown}
 u - a scroll of blinking {unknown}
Potions
 l - a potion of invisibility {unknown}
 m - a potion of might {unknown}
 n - a potion of magic {unknown}
 q - a potion of curing {unknown}
Comestibles
 f - 3 rations


   Skills:
 + Level 3.0 Fighting
 * Level 4.0 Staves
 - Level 1.7 Throwing
 + Level 1.7 Armour
 + Level 3.4 Dodging
 + Level 1.1 Evocations


You had 4 spell levels left.
You didn't know any spells.
Your spell library was empty.

Dungeon Overview and Level Annotations

Branches:
Dungeon (3/15)

Altars:
Ashenzari
Nemelex Xobeh
Okawaru

Annotations:
D:3 Grinder


Innate Abilities, Weirdness & Mutations

When seriously injured, your bleeding wounds create thick armour. (AC +9)


Message History

You hit Grinder.
Grinder is severely wounded.
Grinder hits you.
* * * LOW HITPOINT WARNING * * *
You writhe in agony.
* * * LOW HITPOINT WARNING * * *
You hit Grinder.
Grinder is severely wounded.
Grinder hits you but does no damage.
You closely miss Grinder.
Grinder is severely wounded.
Grinder hits you but does no damage.
You closely miss Grinder.
Grinder is severely wounded.
You hit Grinder.
Grinder is almost dead.
Grinder hits you.
* * * LOW HITPOINT WARNING * * *
You writhe in agony.
You die...

#.......... #.#.#
#.......... #.#†##
#.......... #.#..#
#.......... #.##.#
#.......... ######.##)#
###)#########....#.##)#
#)## #.......#.##)#
#..#####.##)...#.##..
##()@5....(........#.
#..####.####......#.
#..#....# #....†...
#..#....## #......##
#..#.....###......#
#......_.......<..#
##.###.....#......# #.#
##....#......# #.#
#)...#......#


You could see Grinder.

Vanquished Creatures
  An orc priest (D:2)
  An orc wizard (D:3)
  4 adders
  A worm (D:2)
  2 leopard geckos
  13 orcs
  A ball python (D:1)
  5 bats
  5 giant cockroaches
  7 hobgoblins
  8 jackals
  A quokka (D:3)
  4 frilled lizards
  13 goblins
  7 kobolds
  9 rats
82 creatures vanquished.

Notes
Turn   | Place    | Note
-------+----------+-------------------------------------------
     0 | D:1      | Freyura the Demonspawn Gladiator began the quest for the
                  | Orb.
     0 | D:1      | Reached XP level 1. HP: 16/16 MP: 1/1
   259 | D:1      | Gained mutation: When seriously injured, your bleeding
                  | wounds create armour. (AC +9) [demonic ancestry]
   259 | D:1      | Reached XP level 2. HP: 22/22 MP: 2/2
   303 | D:1      | Reached skill level 3 in Staves
  1092 | D:1      | Reached XP level 3. HP: 28/28 MP: 3/3
  1380 | D:2      | Found a sparkling altar of Nemelex Xobeh.
  1521 | D:2      | Reached skill level 1 in Armour
  1681 | D:2      | Reached XP level 4. HP: 13/34 MP: 4/4
  2147 | D:2      | Found an iron altar of Okawaru.
  2521 | D:3      | Gained mutation: When seriously injured, your bleeding
                  | wounds create thick armour. (AC +9) [demonic ancestry]
  2521 | D:3      | Reached XP level 5. HP: 31/40 MP: 5/5
  2916 | D:3      | Found a shattered altar of Ashenzari.
  2924 | D:3      | Became a worshipper of Ashenzari the Shackled
  2977 | D:3      | Noticed Grinder
  2986 | D:3      | Reached skill level 4 in Staves
  2986 | D:3      | Reached skill level 1 in Evocations
  2990 | D:3      | Paralysed by Grinder for 7 turns
  3015 | D:3      | Paralysed by Grinder for 3 turns
  3026 | D:3      | HP: 1/41 [Grinder (5)]
  3026 | D:3      | Slain by Grinder

Skill      XL: |  1  2  3  4  5 |
---------------+----------------+-----
Staves         | 3 4 |  4.0
Dodging        | 3 |  3.4
Armour         | 1 |  1.7
Fighting       | 3 |  3.0
Evocations     | 1 |  1.1
Throwing       | |  1.7

Action                   |  1- 3 |  4- 6 || total
-------------------------+-------+-------++-------
Melee: Quarterstaff      |   126 |   171 ||   297
Invok: Curse Item        |       |     1 ||     1
  Use: Potion            |       |     2 ||     2
 Stab: Sleeping          |     1 |       ||     1
  Eat: Chunk             |     2 |     5 ||     7
Armor: Leather armour    |    56 |    41 ||    97
Dodge: Dodged            |   131 |   102 ||   233
